 Dungeon Crawl Stone Soup version 0.19.0-24-gb05acd6 (console) character file.

100 Jesseh the Chiller (level 4, -7/32 HPs)
             Began as a Merfolk Ice Elementalist on Nov 21, 2016.
             Mangled by Crazy Yiuf
             ... wielding a +4 quarterstaff of chaos
              (9 damage)
             ... on level 2 of the Dungeon.
             The game lasted 00:15:22 (1965 turns).

Jesseh the Chiller (Merfolk Ice Elementalist)       Turns: 1965, Time: 00:15:23

Health: -7/32      AC:  2    Str:  8    XL:     4   Next: 74%
Magic:  0/8        EV: 13    Int: 15    God:
Gold:   52         SH:  0    Dex: 14    Spells: 2 memorised, 4 levels left

rFire  . . .     SeeInvis .     e - +0 spear
rCold  . . .     Gourm    .     a - +0 robe
rNeg   . . .     Faith    .     (no shield)
rPois  .         Spirit   .     (no helmet)
rElec  .         Reflect  .     (no cloak)
rCorr  .         Harm     .     (no gloves)
MR     .....                    (no boots)
Stlth  ++........               (no amulet)
                                (no ring)
                                (no ring)

@: very slightly contaminated
A: change form in water, swift swim, stealthy swim
a: no special abilities


You were on level 2 of the Dungeon.
You were not hungry.

You visited 1 branch of the dungeon, and saw 2 of its levels.

You collected 52 gold pieces.

Inventory:

Hand Weapons
 e - a +0 spear (weapon)
   (You found it on level 1 of the Dungeon)
Armour
 a - a +0 robe (worn)
Scrolls
 j - a scroll of recharging {unknown}
 k - 5 scrolls of identify {unknown}
 m - a scroll of magic mapping {unknown}
 q - a scroll of remove curse {unknown}
Potions
 f - a potion of beneficial mutation {unknown}
 g - 2 potions of degeneration {unknown}
 i - 3 potions of heal wounds
 l - a potion of brilliance {unknown}
 n - a potion of magic {unknown}
 o - 3 potions of curing {unknown}
 p - a potion of flight {unknown}
Books
 b - a book of Frost
Comestibles
 c - 3 bread rations
 h - a slice of pizza


   Skills:
 - Level 1.0 Fighting
 - Level 2.3 Polearms
 - Level 3.1 Dodging
 - Level 2.1 Stealth
 + Level 2.8 Spellcasting
   Level 0.7 Conjurations
 * Level 2.1 Charms
 + Level 3.6 Ice Magic


You had 4 spell levels left.
You knew the following spells:

 Your Spells              Type           Power        Failure   Level  Hunger
a - Freeze                Ice            ##..         6%          1    #......
b - Ozocubu's Armour      Chrm/Ice       ##......     21%         3    ###....


Dungeon Overview and Level Annotations

Branches:
Dungeon (2/15)

Altars:
Gozag
Hepliaklqana
Qazlal
Xom

Annotations:
D:2 Crazy Yiuf


Message History

You freeze the adder.
You kill the adder!
Aim: a worm You freeze the worm.
You feel sick. The worm bites you.
Aim: a worm (moderately wounded)
You freeze the worm.
You don't have enough magic to cast that spell.
Unknown command.
You feel sick.
Attack whom?
Aim: a worm (moderately wounded)
You reach to attack!
You hit the worm.
Attack whom?
Aim: a worm (heavily wounded)
You hit the worm.
You feel sick.
Aim: a worm (severely wounded)
You freeze the worm. The worm barely misses you.
There is an open door here.
You barely miss the worm.
You feel sick. The worm barely misses you.
You hit the worm but do no damage. You barely miss the worm.
The worm bites you.
Attack whom?
Aim: a worm (severely wounded)
You reach to attack!
You hit the worm but do no damage.
You feel sick.
Attack whom?
Aim: a worm (heavily wounded)
You reach to attack!
You hit the worm.
You feel sick.
You are no longer poisoned.
Aim: a worm (severely wounded)
You freeze the worm. You hit the worm. You hit the worm.
The worm barely misses you.
You hit the worm.
You kill the worm!
Your Charms skill increases to level 2!
You see here a worm corpse.
You butcher the worm corpse.
d - 11 chunks of flesh (gained 3)
Your magical contamination has completely faded away.
You start resting.
Some of the chunks of flesh in your inventory have rotted away.
You see here 22 bolts.
Eating one of 9 chunks of flesh.
You start eating one of the 9 chunks of flesh.
You are feeling hungry.
There is an open door here.
A kobold comes into view.
Some of the chunks of flesh in your inventory have rotted away.
The kobold shouts!
Aim: a kobold You freeze the kobold.
The kobold hits you.
Aim: a kobold (moderately wounded)
You freeze the kobold.
You kill the kobold!
You see here a kobold corpse.
There is a large open door here.
There is a large open door here.
You open the door.
There is an open door here.
You open the door.
There is an open door here.
All of the chunks of flesh in your inventory have rotted away.
You see here a stone.
You see here a stone.
You see here a short sword.
You see here a short sword.
You see here a stone.
You see here a stone.
You open the door.
Crazy Yiuf the Enlightened comes into view.
He is wielding a quarterstaff of chaos.
Crazy Yiuf shouts!
Attack whom?
Aim: Crazy Yiuf, wielding a quarterstaff of chaos and wearing a glowing cloak You reach to attack!
You hit Crazy Yiuf but do no damage.
Crazy Yiuf yells, "Mugger!"
Aim: Crazy Yiuf, wielding a quarterstaff of chaos and wearing a glowing cloak You freeze Crazy Yiuf.
Crazy Yiuf hits you with a quarterstaff of chaos.
Crazy Yiuf grits, "Cards bag spinner!"
Aim: Crazy Yiuf, wielding a quarterstaff of chaos and wearing a glowing cloak (lightly wounded)
You miscast Freeze.
You are very lightly contaminated with residual magic.
Nothing appears to happen.
Crazy Yiuf misses you.
Aim: Crazy Yiuf, wielding a quarterstaff of chaos and wearing a glowing cloak (lightly wounded)
You freeze Crazy Yiuf.
Crazy Yiuf hits you with a quarterstaff of chaos.
You feel your power leaking away.
Aim: Crazy Yiuf, wielding a quarterstaff of chaos and wearing a glowing cloak (heavily wounded)
You freeze Crazy Yiuf.
Crazy Yiuf hits you with a quarterstaff of chaos!
* * * LOW HITPOINT WARNING * * *
Crazy Yiuf freezes you!
* * * LOW HITPOINT WARNING * * *
Aim: Crazy Yiuf, wielding a quarterstaff of chaos and wearing a glowing cloak (almost dead)
You freeze Crazy Yiuf.
Crazy Yiuf whimpers, "Walk disdain seventy!"
Crazy Yiuf closely misses you.
You hit Crazy Yiuf but do no damage.
Crazy Yiuf hits you with a quarterstaff of chaos!
You die...

▒.▒.▒ ▒▒.▒▒.▒
▒.▒ ▒.▒ ▒.▒.▒
▒...▒.▒ ▒.▒
▒.▒ ▒.▒.▒
▒▒..▒▒▒▒ ▒.▒
▒.▒
▒.▒.▒▒▒▒▒▒▒▒▒
▒....▒ ▒.▒
▒.▒
>...........▒
♣....♣ ▒.▒
▒.▒
..▒.▒▒▒▒▒▒▒▒▒
♣...♣♣
▒▒▒.▒▒▒▒▒.▒
..▒.........▒
♣♣.♣♣
▒..).......
..▒..▒▒▒▒▒▒▒▒
♣.♣♣
▒▒▒.▒▒▒▒▒.▒
..▒..▒▒▒▒▒▒▒▒
♣♣m♣
▒.......▒.▒
............▒
♣g♣♣
▒..........
▒..▒..▒.....▒
♣♣.♣
▒▒▒.▒.▒.▒.▒
...(........▒
▒'▒ ▒.▒<▒.▒.▒
▒▒▒▒▒.......▒
... ▒.▒.▒.▒.▒
...('.......▒
▒...▒
▒▒▒.▒.▒.▒.▒
▒▒▒▒▒.......▒
▒..)▒
▒.....▒.▒..
▒...▒▒.....▒
▒▒▒▒▒
▒.▒.▒.▒.▒▒▒
▒...▒▒.....▒
▒.....▒....


You could see Crazy Yiuf.

Vanquished Creatures
  4 adders (D:2)
  An ooze (D:1)
  A worm (D:2)
  2 dart slugs (D:1)
  2 leopard geckos (D:1)
  2 giant cockroaches
  7 hobgoblins
  2 jackals (D:1)
  2 quokkas (D:2)
  2 ball pythons (D:2)
  3 bats
  6 frilled lizards
  6 goblins
  8 kobolds
  7 rats
55 creatures vanquished.

Notes
Turn   | Place    | Note
-------+----------+-------------------------------------------
     0 | D:1      | Jesseh the Merfolk Ice Elementalist began the quest for the Orb.
     0 | D:1      | Reached XP level 1. HP: 13/13 MP: 3/3
    94 | D:1      | Reached XP level 2. HP: 18/19 MP: 1/5
   486 | D:1      | Reached XP level 3. HP: 22/25 MP: 2/7
   521 | D:1      | Reached skill level 1 in Polearms
   644 | D:1      | Learned a level 3 spell: Ozocubu's Armour
   733 | D:1      | Found a shimmering altar of Xom.
   735 | D:1      | Found a shattered altar of Ashenzari.
   735 | D:1      | Found a shimmering altar of Xom.
   737 | D:1      | Found a hazy altar of Hepliaklqana.
   737 | D:1      | Found a stormy altar of Qazlal.
   737 | D:1      | Found an opulent altar of Gozag.
   829 | D:2      | Reached skill level 1 in Fighting
   915 | D:2      | Reached skill level 3 in Dodging
  1126 | D:2      | Reached skill level 2 in Polearms
  1126 | D:2      | Reached skill level 1 in Charms
  1126 | D:2      | Reached XP level 4. HP: 12/32 MP: 3/8
  1129 | D:2      | HP: 8/32 [poisoned by an adder]
  1135 | D:2      | HP: 5/32 [poisoned by an adder]
  1140 | D:2      | HP: 2/32 [poisoned by an adder]
  1249 | D:2      | Found a runed door.
  1609 | D:2      | Reached skill level 2 in Charms
  1955 | D:2      | Noticed Crazy Yiuf
  1962 | D:2      | HP: 8/32 [Crazy Yiuf/quarterstaff of chaos (14)]
  1962 | D:2      | HP: 1/32 [Crazy Yiuf/quarterstaff of chaos (7)]
  1965 | D:2      | Mangled by Crazy Yiuf

Skill      XL: |  1  2  3  4 |
---------------+-------------+-----
Polearms       | 2 |  2.3
Fighting       | 1 |  1.0
Dodging        | 3 |  3.1
Charms         | 1 2 |  2.1
Stealth        | |  2.1
Spellcasting   | |  2.8
Conjurations   | |  0.7
Ice Magic      | |  3.6

Action                   |  1- 3 |  4- 6 || total
-------------------------+-------+-------++-------
Melee: Unarmed           |    10 |       ||    10
       Spear             |    33 |    20 ||    53
 Cast: Freeze            |    55 |    37 ||    92
  Use: Potion            |       |     1 ||     1
 Stab: Sleeping          |     4 |     1 ||     5
  Eat: Chunk             |     1 |     3 ||     4
Armor: Robe              |    15 |     3 ||    18
Dodge: Dodged            |    36 |    22 ||    58

Vault maps used:
D:1:      minmay_arrival_arboretum_large, doesnt_xom_only_xom
D:2:      serial_curves, eino_curves_01, eino_curves_01, eino_curves_03,
          kennysheep_generic_room_13, uniq_crazy_yiuf_cottage

Table legend:
 A = Turns spent in this place as a percentage of turns spent in the entire game.
 B = Non-inter-level travel turns spent in this place as a percentage of non-inter-level travel turns spent in the entire game.
 C = Inter-level travel turns spent in this place as a percentage of turns spent in this place.
 D = Turns resting spent in this place as a percentage of non-inter-level travel turns spent in this place.
 E = Turns spent auto-exploring this place as a percentage of non-inter-level travel turns spent in this place.
 F = Non-inter-level travel turns spent in this place divided by the number of levels of this place that you've seen.
                   A       B       C       D       E      F
               +-------+-------+-------+-------+-------+----------------------
         Total | 100.0 | 100.0 |   0.3 |   1.6 |   6.3 | 364.5
       Dungeon | 100.0 | 100.0 |   0.3 |   1.6 |   6.3 | 364.5
               +-------+-------+-------+-------+-------+----------------------

Table legend:
 A = Kills in this place as a percentage of kills in entire the game.
 B = Kills by you in this place as a percentage of kills by you in the entire game.
 C = Kills by friends in this place as a percentage of kills by friends in the entire game.
 D = Other kills in this place as a percentage of other kills in the entire game.
 E = Experience gained in this place as a percentage of experience gained in the entire game.
 F = Experience gained in this place divided by the number of levels of this place that you have seen.
                   A       B       C       D       E      F
               +-------+-------+-------+-------+-------+----------------------
         Total | 100.0 | 100.0 |  -nan |  -nan | 100.0 |  72.0
       Dungeon | 100.0 | 100.0 |  -nan |  -nan | 100.0 |  72.0
               +-------+-------+-------+-------+-------+----------------------
